Whale vs Marlies

Created - Monday, November 09, 2015 at 02:55

Goals
1 2 3 T
Whale 0 1 2 3
Marlies 0 1 0 1
Shots
1 2 3 T
Whale 11 11 11 33
Marlies 7 11 10 28

1st period

No Goal

Penalties :
David Shields (TOR) for Fighting (Major) at 1:09, Corey Tropp (CON) for Fighting (Major) at 1:09, Phil Di Giuseppe (TOR) for Fighting (Major) at 1:33, John McCarthy (CON) for Fighting (Major) at 1:33, Rich Clune (TOR) for Fighting (Major) at 2:46, Brennan Evans (CON) for Fighting (Major) at 2:46, Tye McGinn (CON) for High sticking (Minor) at 7:07

2nd period

1. Whale , Iiro Pakarinen 3 (Alan Quine) at 10:57
2. Marlies , Andrew Yogan 1 (Austen Brassard, Jonathon Blum) at 13:05 (PP)

Penalties :
Brennan Evans (CON) for Hooking (Minor) at 1:19, Brennan Evans (CON) for High sticking (Minor) at 12:02, David Shields (TOR) for Fighting (Major) at 13:13, Corey Tropp (CON) for Fighting (Major) at 13:13, Andy Miele (TOR) for Hooking (Minor) at 13:40, Travis Ehrhardt (TOR) for Hooking (Minor) at 16:46

3rd period

3. Whale , Tye McGinn 1 (Shane Prince) at 1:57 (PP)
4. Whale , Matt Halischuk 1 (Shane Prince, Tye McGinn) at 5:45

Penalties :
Ian Schultz (TOR) for Hooking (Minor) at 1:56, Travis Ehrhardt (TOR) for Fighting (Major) at 3:59, Nick Tarnasky (CON) for Fighting (Major) at 3:59, Rich Clune (TOR) for Fighting (Major) at 4:38, Corey Tropp (CON) for Fighting (Major / Game Misconduct) at 4:38, David Shields (TOR) for Fighting (Major / Game Misconduct) at 6:28, Brennan Evans (CON) for Fighting (Major) at 6:28, Chad Nehring (TOR) for Slashing (Minor) at 14:37

Goalie Stats

Louis Domingue (CON), 27 saves from 28 shots - (0.964), W, 2-1-1, 60:00 minutes
Dustin Tokarski (TOR), 30 saves from 33 shots - (0.909), L, 9-2-1, 60:00 minutes

Players Stats for Whale

Player Name              G  A  P  +/- PIM S  H  SB GA TA FO     MP     PP MP  PK MP  
------------------------------------------------------------------------------------
Alan Quine               0  1  1   1  0   4  1  0  2  0  10/16  20:24   2:47   0:00 
Brendan Ranford          0  0  0   0  0   3  0  2  3  1  1/1    14:22   1:17   0:00 
Brendan Woods            0  0  0   0  0   0  0  0  0  1  0/0     1:55   0:00   0:00 
Brennan Evans            0  0  0   1  14  0  2  0  0  1  0/0    18:17   3:26   0:02 
Brent Regner             0  0  0   1  0   1  1  2  0  0  0/0    25:26   2:41   2:59 
Corey Tropp              0  0  0   1  25  2  0  1  1  1  0/0    11:12   0:09   1:36 
Dallas Jackson           0  0  0   0  0   1  2  2  0  2  0/0    24:00   2:32   4:07 
Darren Dietz             0  0  0   0  0   0  0  1  0  3  0/0    21:30   2:32   2:02 
Ethan Werek              0  0  0   0  0   1  1  0  3  1  5/7    10:22   0:00   0:00 
FARM PLAYER16            0  0  0   1  0   0  1  0  0  0  0/0    17:58   0:47   2:01 
Iiro Pakarinen           1  0  1   1  0   4  2  0  1  2  0/1    20:21   3:09   0:00 
John McCarthy            0  0  0   0  5   3  0  0  3  0  3/8    15:09   2:06   0:00 
Matt Halischuk           1  0  1   1  0   4  0  0  6  2  2/4    23:40   2:24   2:58 
Nick Tarnasky            0  0  0   0  5   3  3  0  1  0  1/2    13:42   0:00   0:50 
Reece Scarlett           0  0  0   1  0   2  0  2  0  0  0/0    17:17   0:45   0:00 
Shane Prince             0  2  2   1  0   3  0  0  0  0  9/13   16:38   2:49   1:36 
Tomas Nosek              0  0  0   0  0   0  0  0  0  0  0/0     0:00   0:00   0:00 
Tye McGinn               1  1  2   1  2   2  1  0  2  2  1/1    22:38   2:26   1:55 

Players Stats for Marlies

Player Name              G  A  P  +/- PIM S  H  SB GA TA FO     MP     PP MP  PK MP  
------------------------------------------------------------------------------------
Andrew O'Brien           0  0  0   0  0   0  1  0  0  0  0/0    17:43   0:00   3:02 
Andrew Yogan             1  0  1  -2  0   3  1  0  1  0  5/11   16:44   2:23   0:00 
Andy Miele               0  0  0   0  2   2  1  0  1  0  5/17   21:35   2:16   1:59 
Austen Brassard          0  1  1  -2  0   1  3  0  1  0  1/1    16:44   2:23   0:00 
Bobby Shea               0  0  0   0  0   0  0  0  0  0  0/0     6:22   0:00   0:00 
Brock McGinn             0  0  0   0  0   2  1  0  1  0  0/0     7:32   0:00   0:00 
Chad Nehring             0  0  0   0  2   0  2  0  0  0  4/7    12:58   0:00   1:33 
Colton Gillies           0  0  0  -2  0   1  3  0  0  0  0/0    19:39   2:23   1:32 
David Shields            0  0  0  -1  25  1  2  0  1  0  0/0    11:35   2:07   0:09 
Gemel Smith              0  0  0   0  0   0  0  0  1  0  4/14   14:09   0:00   0:00 
Ian Schultz              0  0  0   0  2   1  2  0  3  1  0/0    13:08   0:00   0:00 
Jonathon Blum            0  1  1  -1  0   4  2  1  1  1  0/0    21:41   2:54   2:56 
Morgan Ellis             0  0  0  -1  0   0  0  1  2  0  0/0    22:04   2:07   3:02 
Phil Di Giuseppe         0  0  0   0  5   3  0  1  4  1  0/0    13:49   0:45   0:00 
Rich Clune               0  0  0   0  10  0  2  0  2  1  0/0    17:00   2:15   4:12 
Ryan Carpenter           0  0  0   0  0   4  3  0  4  0  2/3    20:04   2:38   2:40 
Scott Harrington         0  0  0  -1  0   4  0  2  1  8  0/0    27:01   2:54   2:56 
Travis Ehrhardt          0  0  0   0  7   2  0  0  0  0  0/0    14:12   0:00   0:00 

3 Stars

1 - Louis Domingue (CON)
2 - Iiro Pakarinen (CON)
3 - Tye McGinn (CON)

Power Play

Whale - 1 on 4 Attempt(s) - 25.00%
Marlies - 1 on 3 Attempt(s) - 33.33%

Penalty Kill

Whale - 2 on 3 Attempt(s) - 66.67% - Score 0 goal in Penalty Kill
Marlies - 3 on 4 Attempt(s) - 75.00% - Score 0 goal in Penalty Kill

Team Stat

Whale - Hits : 14 - Faceoff Wins : 32 - Blocked Shots : 10 - Penalty Minutes : 51
Marlies - Hits : 23 - Faceoff Wins : 21 - Blocked Shots : 5 - Penalty Minutes : 53

Official

Referees : Unknown
Linesman : Unknown

Game Notes

David Shields and Corey Tropp fight to a draw at 1:09 of 1st period
John McCarthy beats up Phil Di Giuseppe at 1:33 of 1st period
Brennan Evans beats up Rich Clune at 2:46 of 1st period
David Shields beats up Corey Tropp at 13:13 of 2nd period
Travis Ehrhardt and Nick Tarnasky fight to a draw at 3:59 of 3rd period
Corey Tropp beats up Rich Clune at 4:38 of 3rd period
Corey Tropp ejected from game at 4:38 of 3rd period
David Shields and Brennan Evans fight to a draw at 6:28 of 3rd period
David Shields ejected from game at 6:28 of 3rd period

Finance

Level 1 -- Attendance: 1411 (70.55%) -- Ticket Income $49,385
Level 2 -- Attendance: 805 (80.50%) -- Ticket Income $12,075
Total Attendance: 2216 (73.87%)
Total Ticket Income: $61,460
Other Income: $30,115
Total Income: $91,575

Whale

5 vs 5 Forward 
   Center                   Left Wing                Right Wing               Time % Phy DF OF 
 1 Shane Prince             Matt Halischuk           Tye McGinn               35     1   2  2  
 2 Alan Quine               Corey Tropp              Iiro Pakarinen           30     1   2  2  
 3 John McCarthy            Brendan Ranford          Matt Halischuk           22     1   2  2  
 4 Ethan Werek              Nick Tarnasky            Tye McGinn               13     1   2  2  

5 vs 5 Defense 
   Defense                  Defense                                           Time % Phy DF OF 
 1 Brent Regner             Brennan Evans                                     35     1   2  2  
 2 Dallas Jackson           Darren Dietz                                      30     1   2  2  
 3 Reece Scarlett           FARM PLAYER16                                     22     1   2  2  
 4 Brent Regner             Brennan Evans                                     13     1   2  2  

PowerPlay Forward 
   Center                   Left Wing                Right Wing               Time % Phy DF OF 
 1 Shane Prince             Matt Halischuk           Tye McGinn               60     1   2  2  
 2 Alan Quine               Corey Tropp              Iiro Pakarinen           40     1   2  2  

PowerPlay Defense
   Defense                  Defense                                           Time % Phy DF OF 
 1 Brent Regner             Brennan Evans                                     60     1   2  2  
 2 Dallas Jackson           Darren Dietz                                      40     1   2  2  

Penalty Kill 4 Players Forward 
   Center                   Wing                     Time % Phy DF OF 
 1 Matt Halischuk           Tye McGinn               60     1   2  2  
 2 Shane Prince             Corey Tropp              40     1   2  2  

Penalty Kill 4 Players Defense
   Defense                  Defense                  Time % Phy DF OF 
 1 Brent Regner             Brennan Evans            60     1   2  2  
 2 Dallas Jackson           Darren Dietz             40     1   2  2  

Penalty Kill - 3 Players Forward 
   Forward                                           Time % Phy DF OF 
 1 Matt Halischuk                                    60     1   2  2  
 2 Tye McGinn                                        40     1   2  2  

Penalty Kill - 3 Players Defense
   Defense                  Defense                  Time % Phy DF OF 
 1 Brent Regner             Brennan Evans            60     1   2  2  
 2 Dallas Jackson           Darren Dietz             40     1   2  2  

4 vs 4 Forward 
   Center                   Wing                     Time % Phy DF OF 
 1 Matt Halischuk           Tye McGinn               60     1   2  2  
 2 Shane Prince             Corey Tropp              40     1   2  2  

4 vs 4 Defense
   Defense                  Defense                  Time % Phy DF OF 
 1 Brent Regner             Brennan Evans            60     1   2  2  
 2 Dallas Jackson           Darren Dietz             40     1   2  2  

Last Minutes Offensive
   Center                   Left Wing                Right Wing               Defense                  Defense                  
   Shane Prince             Matt Halischuk           Tye McGinn               Brent Regner             Brennan Evans            

Last Minutes Defensive
   Center                   Left Wing                Right Wing               Defense                  Defense                  
   Shane Prince             Matt Halischuk           Tye McGinn               Brent Regner             Brennan Evans            

Goaltenders
Starting : Louis Domingue           
Backup : Calvin Pickard           

Extra Forwards
Normal : John McCarthy, Brendan Ranford, Nick Tarnasky - PP : John McCarthy, Brendan Ranford - PK : Nick Tarnasky
Extra Defensemen
Normal : Reece Scarlett, FARM PLAYER16, Dallas Jackson - PP : Reece Scarlett - PK : FARM PLAYER16, Dallas Jackson
Penalty Shots
Matt Halischuk, Tye McGinn, Shane Prince, Corey Tropp, Iiro Pakarinen

Marlies

5 vs 5 Forward 
   Center                   Left Wing                Right Wing               Time % Phy DF OF 
 1 Andy Miele               Rich Clune               Ryan Carpenter           35     1   2  2  
 2 Andrew Yogan             Colton Gillies           Austen Brassard          30     1   2  2  
 3 Gemel Smith              Phil Di Giuseppe         Ian Schultz              22     1   2  2  
 4 Chad Nehring             Brock McGinn             Andy Miele               13     1   2  2  

5 vs 5 Defense 
   Defense                  Defense                                           Time % Phy DF OF 
 1 Scott Harrington         Jonathon Blum                                     35     1   2  2  
 2 David Shields            Morgan Ellis                                      30     1   2  2  
 3 Travis Ehrhardt          Andrew O'Brien                                    22     1   2  2  
 4 Bobby Shea               Scott Harrington                                  13     1   2  2  

PowerPlay Forward 
   Center                   Left Wing                Right Wing               Time % Phy DF OF 
 1 Andy Miele               Rich Clune               Ryan Carpenter           60     1   2  2  
 2 Andrew Yogan             Colton Gillies           Austen Brassard          40     1   2  2  

PowerPlay Defense
   Defense                  Defense                                           Time % Phy DF OF 
 1 Scott Harrington         Jonathon Blum                                     60     1   2  2  
 2 David Shields            Morgan Ellis                                      40     1   2  2  

Penalty Kill 4 Players Forward 
   Center                   Wing                     Time % Phy DF OF 
 1 Andy Miele               Rich Clune               60     1   2  2  
 2 Colton Gillies           Ryan Carpenter           40     1   2  2  

Penalty Kill 4 Players Defense
   Defense                  Defense                  Time % Phy DF OF 
 1 Scott Harrington         Jonathon Blum            60     1   2  2  
 2 David Shields            Morgan Ellis             40     1   2  2  

Penalty Kill - 3 Players Forward 
   Forward                                           Time % Phy DF OF 
 1 Andy Miele                                        60     1   2  2  
 2 Rich Clune                                        40     1   2  2  

Penalty Kill - 3 Players Defense
   Defense                  Defense                  Time % Phy DF OF 
 1 Scott Harrington         Jonathon Blum            60     1   2  2  
 2 David Shields            Morgan Ellis             40     1   2  2  

4 vs 4 Forward 
   Center                   Wing                     Time % Phy DF OF 
 1 Andy Miele               Rich Clune               60     1   2  2  
 2 Colton Gillies           Ryan Carpenter           40     1   2  2  

4 vs 4 Defense
   Defense                  Defense                  Time % Phy DF OF 
 1 Scott Harrington         Jonathon Blum            60     1   2  2  
 2 David Shields            Morgan Ellis             40     1   2  2  

Last Minutes Offensive
   Center                   Left Wing                Right Wing               Defense                  Defense                  
   Andy Miele               Rich Clune               Ryan Carpenter           Scott Harrington         Jonathon Blum            

Last Minutes Defensive
   Center                   Left Wing                Right Wing               Defense                  Defense                  
   Andy Miele               Rich Clune               Ryan Carpenter           Scott Harrington         Jonathon Blum            

Goaltenders
Starting : Dustin Tokarski          
Backup : Peter Mannino            

Extra Forwards
Normal : Phil Di Giuseppe, Gemel Smith, Chad Nehring - PP : Phil Di Giuseppe, Gemel Smith - PK : Chad Nehring
Extra Defensemen
Normal : Travis Ehrhardt, Andrew O'Brien, Bobby Shea - PP : Travis Ehrhardt - PK : Andrew O'Brien, Bobby Shea
Penalty Shots
Andy Miele, Rich Clune, Colton Gillies, Ryan Carpenter, Phil Di Giuseppe

% Time on Ice - Whale

Lines # - Real PCT - Wanted PCT - Time Play
Normal Forward
1 - 26% - 35% - 12:36
2 - 37% - 30% - 18:03
3 - 21% - 22% - 10:05
4 - 17% - 13% - 8:17
Normal Defense
1 - 33% - 35% - 16:18
2 - 34% - 30% - 16:28
3 - 27% - 22% - 13:00
4 - 7% - 13% - 3:15
PP Forward
1 - 47% - 60% - 2:49
2 - 53% - 40% - 3:09
PP Defense
1 - 58% - 60% - 3:26
2 - 42% - 40% - 2:32
PK Forward
1 - 68% - 60% - 3:25
2 - 32% - 40% - 1:36
PK Defense
1 - 59% - 60% - 2:59
2 - 41% - 40% - 2:02
PK3 Forward
1 - 0% - 60%
2 - 0% - 40%
PK3 Defense
1 - 0% - 60%
2 - 0% - 40%
44 Forward
1 - 0% - 60%
2 - 0% - 40%
44 Defense
1 - 0% - 60%
2 - 0% - 40%
Last Minute Offensive  - 0:00
Last Minute Defensive  - 0:00
Total
Forward - 60:00
Defense - 60:00

% Time on Ice - Marlies

Lines # - Real PCT - Wanted PCT - Time Play
Normal Forward
1 - 28% - 35% - 13:50
2 - 30% - 30% - 14:30
3 - 27% - 22% - 13:09
4 - 15% - 13% - 7:32
Normal Defense
1 - 32% - 35% - 15:51
2 - 35% - 30% - 16:55
3 - 21% - 22% - 10:24
4 - 12% - 13% - 5:51
PP Forward
1 - 52% - 60% - 2:38
2 - 48% - 40% - 2:23
PP Defense
1 - 58% - 60% - 2:54
2 - 42% - 40% - 2:07
PK Forward
1 - 92% - 60% - 5:30
2 - 8% - 40% - 0:28
PK Defense
1 - 49% - 60% - 2:56
2 - 51% - 40% - 3:02
PK3 Forward
1 - 0% - 60%
2 - 0% - 40%
PK3 Defense
1 - 0% - 60%
2 - 0% - 40%
44 Forward
1 - 0% - 60%
2 - 0% - 40%
44 Defense
1 - 0% - 60%
2 - 0% - 40%
Last Minute Offensive  - 0:00
Last Minute Defensive  - 0:00
Total
Forward - 60:00
Defense - 60:00

Play by Play

1st period


0:01 of 1st period - Shane Prince wins face-off versus Ryan Carpenter in neutral zone.
0:36 of 1st period - Snap shot by Shane Prince.
0:36 of 1st period - Deflect By Matt Halischuk.
0:36 of 1st period - Deflect By Rich Clune.
0:36 of 1st period - Shot Blocked by Jonathon Blum.
0:36 of 1st period - Puck is out of play.
0:37 of 1st period - Andrew Yogan wins face-off versus Alan Quine in Marlies zone.
0:42 of 1st period - Snap shot by Andrew Yogan.
0:42 of 1st period - Deflect By Austen Brassard.
0:42 of 1st period - Shot Misses the Net.
0:42 of 1st period - Puck is out of play.
0:43 of 1st period - Alan Quine wins face-off versus Andrew Yogan in Whale zone.
0:43 of 1st period - Alan Quine is hit by Austen Brassard.
0:50 of 1st period - Slapshot by Iiro Pakarinen.
0:50 of 1st period - Stopped by Dustin Tokarski with a rebound.
1:09 of 1st period - David Shields and Corey Tropp fight to a draw.
1:09 of 1st period - Penalty to David Shields for Fighting.
1:09 of 1st period - Penalty to Corey Tropp for Fighting.
1:10 of 1st period - Brendan Ranford wins face-off versus Gemel Smith in Marlies zone.
1:13 of 1st period - Snap shot by John McCarthy.
1:13 of 1st period - Shot Misses the Net.
1:15 of 1st period - Snap shot by Matt Halischuk.
1:15 of 1st period - Shot Blocked by Phil Di Giuseppe.
1:17 of 1st period - Snap shot by John McCarthy.
1:17 of 1st period - Stopped by Dustin Tokarski with a rebound.
1:19 of 1st period - Slapshot by Matt Halischuk.
1:19 of 1st period - Shot Misses the Net.
1:21 of 1st period - Snap shot by Reece Scarlett.
1:21 of 1st period - Shot Misses the Net.
1:23 of 1st period - Snap shot by Matt Halischuk.
1:23 of 1st period - Shot Misses the Net.
1:25 of 1st period - Slapshot by Reece Scarlett.
1:25 of 1st period - Deflect By Phil Di Giuseppe.
1:25 of 1st period - Stopped by Dustin Tokarski without a rebound.
1:26 of 1st period - Gemel Smith wins face-off versus John McCarthy in Marlies zone.
1:33 of 1st period - John McCarthy beats up Phil Di Giuseppe.
1:33 of 1st period - Penalty to Phil Di Giuseppe for Fighting.
1:33 of 1st period - Penalty to John McCarthy for Fighting.
1:34 of 1st period - Ethan Werek wins face-off versus Chad Nehring in neutral zone.
1:37 of 1st period - Snap shot by Tye McGinn.
1:37 of 1st period - Shot Misses the Net.
1:47 of 1st period - Snap shot by Ethan Werek.
1:47 of 1st period - Deflect By Tye McGinn.
1:47 of 1st period - Deflect By Scott Harrington.
1:47 of 1st period - Shot Misses the Net.
1:47 of 1st period - Puck is out of play.
1:48 of 1st period - Chad Nehring wins face-off versus Ethan Werek in Marlies zone.
1:53 of 1st period - Nick Tarnasky is hit by Brock McGinn and loses puck.
2:04 of 1st period - Wrist shot by Tye McGinn.
2:04 of 1st period - Shot Misses the Net.
2:06 of 1st period - Slapshot by Tye McGinn.
2:06 of 1st period - Stopped by Dustin Tokarski without a rebound.
2:07 of 1st period - Andrew Yogan wins face-off versus Alan Quine in Marlies zone.
2:25 of 1st period - Wrist shot by Alan Quine.
2:25 of 1st period - Shot Blocked by Morgan Ellis.
2:27 of 1st period - Wrist shot by Brendan Ranford.
2:27 of 1st period - Stopped by Dustin Tokarski without a rebound.
2:28 of 1st period - Andy Miele wins face-off versus Shane Prince in Marlies zone.
2:41 of 1st period - Jonathon Blum is hit by Tye McGinn.
2:46 of 1st period - Brennan Evans beats up Rich Clune.
2:46 of 1st period - Penalty to Rich Clune for Fighting.
2:46 of 1st period - Penalty to Brennan Evans for Fighting.
2:47 of 1st period - Nick Tarnasky wins face-off versus Gemel Smith in Whale zone.
2:56 of 1st period - Slapshot by Brendan Ranford.
2:56 of 1st period - Deflect By Matt Halischuk.
2:56 of 1st period - Stopped by Dustin Tokarski with a rebound.
2:58 of 1st period - Backhand shot by Nick Tarnasky.
2:58 of 1st period - Stopped by Dustin Tokarski with a rebound.
3:00 of 1st period - Snap shot by Matt Halischuk.
3:00 of 1st period - Stopped by Dustin Tokarski without a rebound.
3:01 of 1st period - Gemel Smith wins face-off versus Nick Tarnasky in Marlies zone.
3:22 of 1st period - Backhand shot by Matt Halischuk.
3:22 of 1st period - Stopped by Dustin Tokarski with a rebound.
3:58 of 1st period - Snap shot by Jonathon Blum.
3:58 of 1st period - Shot Blocked by Reece Scarlett.
5:37 of 1st period - Wrist shot by Brendan Ranford.
5:37 of 1st period - Stopped by Dustin Tokarski with a rebound.
5:53 of 1st period - Darren Dietz is hit by Jonathon Blum and loses puck.
6:00 of 1st period - Snap shot by Brock McGinn.
6:00 of 1st period - Shot Blocked by Darren Dietz.
6:02 of 1st period - Slapshot by Brock McGinn.
6:02 of 1st period - Stopped by Louis Domingue without a rebound.
6:03 of 1st period - Chad Nehring wins face-off versus Alan Quine in Whale zone.
6:13 of 1st period - Icing by Iiro Pakarinen.
6:14 of 1st period - Alan Quine wins face-off versus Gemel Smith in Whale zone.
6:25 of 1st period - Snap shot by Ian Schultz.
6:25 of 1st period - Stopped by Louis Domingue with a rebound.
6:27 of 1st period - Backhand shot by Scott Harrington.
6:27 of 1st period - Shot Blocked by Brent Regner.
6:50 of 1st period - Slapshot by Scott Harrington.
6:50 of 1st period - Shot Misses the Net.
7:07 of 1st period - Minor Penalty to Tye McGinn for High sticking.
7:08 of 1st period - Andy Miele wins face-off versus Matt Halischuk in Whale zone.
7:46 of 1st period - Penalty to Brennan Evans is over, Brennan Evans is back on ice.
8:33 of 1st period - Shane Prince is hit by Andrew Yogan and loses puck.
9:07 of 1st period - Penalty to Tye McGinn is over, Tye McGinn is back on ice.
9:24 of 1st period - Brennan Evans is hit by David Shields.
10:37 of 1st period - Reece Scarlett is hit by Chad Nehring and loses puck.
11:44 of 1st period - Icing by Bobby Shea.
11:45 of 1st period - Alan Quine wins face-off versus Gemel Smith in Marlies zone.
13:35 of 1st period - John McCarthy is hit by Andrew O'Brien and loses puck.
15:27 of 1st period - Brendan Ranford is hit by Ryan Carpenter and loses puck.
15:36 of 1st period - Slapshot by Rich Clune.
15:36 of 1st period - Shot Misses the Net.
15:38 of 1st period - Snap shot by Ryan Carpenter.
15:38 of 1st period - Shot Blocked by Reece Scarlett.
15:40 of 1st period - Slapshot by Scott Harrington.
15:40 of 1st period - Shot Blocked by Brendan Ranford.
16:22 of 1st period - Andrew O'Brien is hit by Alan Quine.
16:54 of 1st period - Wrist shot by Shane Prince.
16:54 of 1st period - Stopped by Dustin Tokarski without a rebound.
16:55 of 1st period - Shane Prince wins face-off versus Andy Miele in Marlies zone.
17:08 of 1st period - Corey Tropp is hit by Ryan Carpenter and loses puck.
17:23 of 1st period - Snap shot by Chad Nehring.
17:23 of 1st period - Shot Misses the Net.
17:25 of 1st period - Wrist shot by Ryan Carpenter.
17:25 of 1st period - Stopped by Louis Domingue with a rebound.
17:27 of 1st period - Snap shot by Brock McGinn.
17:27 of 1st period - Stopped by Louis Domingue with a rebound.
19:04 of 1st period - Slapshot by Travis Ehrhardt.
19:04 of 1st period - Stopped by Louis Domingue with a rebound.
19:06 of 1st period - Slapshot by Travis Ehrhardt.
19:06 of 1st period - Shot Misses the Net.
19:08 of 1st period - Backhand shot by Chad Nehring.
19:08 of 1st period - Shot Blocked by Corey Tropp.
19:10 of 1st period - Slapshot by Andrew O'Brien.
19:10 of 1st period - Deflect By Rich Clune.
19:10 of 1st period - Shot Misses the Net.
19:10 of 1st period - Puck is out of play.
19:11 of 1st period - Chad Nehring wins face-off versus Shane Prince in Whale zone.
19:25 of 1st period - Slapshot by Jonathon Blum.
19:25 of 1st period - Deflect By Ian Schultz.
19:25 of 1st period - Shot Misses the Net.
19:25 of 1st period - Puck is out of play.
19:26 of 1st period - Gemel Smith wins face-off versus John McCarthy in Whale zone.
19:29 of 1st period - Wrist shot by Jonathon Blum.
19:29 of 1st period - Shot Misses the Net.
19:31 of 1st period - Wrist shot by Jonathon Blum.
19:31 of 1st period - Stopped by Louis Domingue with a rebound.
19:33 of 1st period - Slapshot by Phil Di Giuseppe.
19:33 of 1st period - Stopped by Louis Domingue with a rebound.
Goals for this period are 0 for Whale vs 0 for Marlies.
Shots for this period are 11 for Whale vs 7 for Marlies.

2nd period


0:01 of 2nd period - Shane Prince wins face-off versus Andy Miele in neutral zone.
0:13 of 2nd period - Snap shot by Shane Prince.
0:13 of 2nd period - Deflect By Matt Halischuk.
0:13 of 2nd period - Shot Misses the Net.
0:13 of 2nd period - Puck is out of play.
0:14 of 2nd period - Shane Prince wins face-off versus Andy Miele in Marlies zone.
1:11 of 2nd period - Austen Brassard is hit by Dallas Jackson and loses puck.
1:19 of 2nd period - Minor Penalty to Brennan Evans for Hooking.
1:20 of 2nd period - Tye McGinn wins face-off versus Andy Miele in Whale zone.
2:19 of 2nd period - Matt Halischuk is hit by Colton Gillies and loses puck.
2:42 of 2nd period - Slapshot by Scott Harrington.
2:42 of 2nd period - Shot Misses the Net.
3:15 of 2nd period - Icing by Ryan Carpenter.
3:16 of 2nd period - Andy Miele wins face-off versus Matt Halischuk in Marlies zone.
3:19 of 2nd period - Penalty to Brennan Evans is over, Brennan Evans is back on ice.
3:39 of 2nd period - Corey Tropp is hit by Jonathon Blum and loses puck.
4:10 of 2nd period - Ian Schultz is hit by Nick Tarnasky and loses puck.
4:35 of 2nd period - Snap shot by Brock McGinn.
4:35 of 2nd period - Shot Misses the Net.
4:37 of 2nd period - Snap shot by David Shields.
4:37 of 2nd period - Shot Misses the Net.
4:39 of 2nd period - Slapshot by David Shields.
4:39 of 2nd period - Stopped by Louis Domingue without a rebound.
4:40 of 2nd period - John McCarthy wins face-off versus Andrew Yogan in Whale zone.
5:02 of 2nd period - Snap shot by Andrew Yogan.
5:02 of 2nd period - Shot Misses the Net.
5:08 of 2nd period - Travis Ehrhardt is hit by Dallas Jackson and loses puck.
5:27 of 2nd period - Snap shot by Iiro Pakarinen.
5:27 of 2nd period - Shot Misses the Net.
5:29 of 2nd period - Snap shot by Corey Tropp.
5:29 of 2nd period - Stopped by Dustin Tokarski with a rebound.
5:31 of 2nd period - Snap shot by Corey Tropp.
5:31 of 2nd period - Stopped by Dustin Tokarski with a rebound.
5:33 of 2nd period - Snap shot by Brent Regner.
5:33 of 2nd period - Stopped by Dustin Tokarski without a rebound.
5:34 of 2nd period - Ethan Werek wins face-off versus Gemel Smith in Marlies zone.
7:09 of 2nd period - Tye McGinn is hit by Chad Nehring and loses puck.
7:22 of 2nd period - Nick Tarnasky is hit by Ian Schultz and loses puck.
7:31 of 2nd period - Bobby Shea is hit by Nick Tarnasky and loses puck.
8:14 of 2nd period - Snap shot by John McCarthy.
8:14 of 2nd period - Shot Misses the Net.
9:25 of 2nd period - Scott Harrington is hit by Nick Tarnasky and loses puck.
9:42 of 2nd period - Wrist shot by Ian Schultz.
9:42 of 2nd period - Shot Blocked by Brendan Ranford.
9:48 of 2nd period - Shane Prince is hit by David Shields.
10:25 of 2nd period - Wrist shot by Ethan Werek.
10:25 of 2nd period - Shot Blocked by Scott Harrington.
10:27 of 2nd period - Backhand shot by Ethan Werek.
10:27 of 2nd period - Shot Misses the Net.
10:29 of 2nd period - Snap shot by Ethan Werek.
10:29 of 2nd period - Shot Misses the Net.
10:31 of 2nd period - Snap shot by Nick Tarnasky.
10:31 of 2nd period - Stopped by Dustin Tokarski with a rebound.
10:33 of 2nd period - Slapshot by Reece Scarlett.
10:33 of 2nd period - Shot Misses the Net.
10:35 of 2nd period - Snap shot by John McCarthy.
10:35 of 2nd period - Deflect By Ethan Werek.
10:35 of 2nd period - Shot Misses the Net.
10:35 of 2nd period - Puck is out of play.
10:36 of 2nd period - Ethan Werek wins face-off versus Andrew Yogan in Marlies zone.
10:57 of 2nd period - Wrist shot by Iiro Pakarinen.
10:57 of 2nd period - Goal by Iiro Pakarinen - Whale : 1 - Marlies : 0.
10:58 of 2nd period - John McCarthy wins face-off versus Andy Miele in neutral zone.
11:12 of 2nd period - Backhand shot by Brendan Ranford.
11:12 of 2nd period - Stopped by Dustin Tokarski with a rebound.
11:14 of 2nd period - Snap shot by Brennan Evans.
11:14 of 2nd period - Shot Misses the Net.
11:48 of 2nd period - Tye McGinn is hit by Colton Gillies and loses puck.
11:59 of 2nd period - Slapshot by Jonathon Blum.
11:59 of 2nd period - Deflect By Tye McGinn.
11:59 of 2nd period - Stopped by Louis Domingue without a rebound.
12:00 of 2nd period - Alan Quine wins face-off versus Gemel Smith in Whale zone.
12:02 of 2nd period - Minor Penalty to Brennan Evans for High sticking.
12:03 of 2nd period - Matt Halischuk wins face-off versus Andy Miele in Whale zone.
12:09 of 2nd period - Wrist shot by Rich Clune.
12:09 of 2nd period - Shot Blocked by Brent Regner.
12:11 of 2nd period - Slapshot by Jonathon Blum.
12:11 of 2nd period - Stopped by Louis Domingue with a rebound.
12:13 of 2nd period - Snap shot by Rich Clune.
12:13 of 2nd period - Shot Misses the Net.
12:15 of 2nd period - Slapshot by Scott Harrington.
12:15 of 2nd period - Shot Misses the Net.
12:17 of 2nd period - Slapshot by Scott Harrington.
12:17 of 2nd period - Shot Misses the Net.
12:19 of 2nd period - Snap shot by Andy Miele.
12:19 of 2nd period - Shot Misses the Net.
12:23 of 2nd period - Wrist shot by Andy Miele.
12:23 of 2nd period - Shot Blocked by Dallas Jackson.
12:25 of 2nd period - Slapshot by Jonathon Blum.
12:25 of 2nd period - Stopped by Louis Domingue with a rebound.
12:49 of 2nd period - Scott Harrington is hit by Brent Regner and loses puck.
13:01 of 2nd period - Snap shot by Austen Brassard.
13:01 of 2nd period - Stopped by Louis Domingue with a rebound.
13:03 of 2nd period - Snap shot by Austen Brassard.
13:03 of 2nd period - Shot Misses the Net.
13:05 of 2nd period - Snap shot by Andrew Yogan.
13:05 of 2nd period - Goal by Andrew Yogan - Whale : 1 - Marlies : 1.
13:06 of 2nd period - Alan Quine wins face-off versus Gemel Smith in neutral zone.
13:13 of 2nd period - David Shields beats up Corey Tropp.
13:13 of 2nd period - Penalty to David Shields for Fighting.
13:13 of 2nd period - Penalty to Corey Tropp for Fighting.
13:14 of 2nd period - Alan Quine wins face-off versus Andy Miele in neutral zone.
13:23 of 2nd period - Snap shot by Iiro Pakarinen.
13:23 of 2nd period - Stopped by Dustin Tokarski with a rebound.
13:25 of 2nd period - Snap shot by Darren Dietz.
13:25 of 2nd period - Shot Misses the Net.
13:27 of 2nd period - Slapshot by John McCarthy.
13:27 of 2nd period - Stopped by Dustin Tokarski with a rebound.
13:29 of 2nd period - Wrist shot by Alan Quine.
13:29 of 2nd period - Stopped by Dustin Tokarski with a rebound.
13:31 of 2nd period - Snap shot by Alan Quine.
13:31 of 2nd period - Stopped by Dustin Tokarski with a rebound.
13:40 of 2nd period - Minor Penalty to Andy Miele for Hooking.
13:41 of 2nd period - Matt Halischuk wins face-off versus Chad Nehring in Marlies zone.
13:51 of 2nd period - Snap shot by Tye McGinn.
13:51 of 2nd period - Shot Misses the Net.
14:11 of 2nd period - Wrist shot by Shane Prince.
14:11 of 2nd period - Shot Misses the Net.
15:39 of 2nd period - Wrist shot by Iiro Pakarinen.
15:39 of 2nd period - Shot Misses the Net.
15:40 of 2nd period - Penalty to Andy Miele is over, Andy Miele is back on ice.
16:02 of 2nd period - Wrist shot by Morgan Ellis.
16:02 of 2nd period - Shot Misses the Net.
16:04 of 2nd period - Wrist shot by Gemel Smith.
16:04 of 2nd period - Deflect By Nick Tarnasky.
16:04 of 2nd period - Shot Misses the Net.
16:04 of 2nd period - Puck is out of play.
16:05 of 2nd period - Gemel Smith wins face-off versus Ethan Werek in Whale zone.
16:14 of 2nd period - Snap shot by Phil Di Giuseppe.
16:14 of 2nd period - Stopped by Louis Domingue with a rebound.
16:16 of 2nd period - Slapshot by Morgan Ellis.
16:16 of 2nd period - Shot Misses the Net.
16:18 of 2nd period - Slapshot by Travis Ehrhardt.
16:18 of 2nd period - Stopped by Louis Domingue without a rebound.
16:19 of 2nd period - Chad Nehring wins face-off versus John McCarthy in Whale zone.
16:46 of 2nd period - Minor Penalty to Travis Ehrhardt for Hooking.
16:47 of 2nd period - Andy Miele wins face-off versus John McCarthy in Marlies zone.
17:08 of 2nd period - Slapshot by Alan Quine.
17:08 of 2nd period - Shot Misses the Net.
17:10 of 2nd period - Backhand shot by Iiro Pakarinen.
17:10 of 2nd period - Stopped by Dustin Tokarski without a rebound.
17:11 of 2nd period - Shane Prince wins face-off versus Andy Miele in Marlies zone.
17:43 of 2nd period - Dallas Jackson is hit by Andy Miele and loses puck.
18:13 of 2nd period - Penalty to David Shields is over, David Shields is back on ice.
18:28 of 2nd period - Tye McGinn is hit by Rich Clune.
18:32 of 2nd period - Morgan Ellis is hit by Brennan Evans and loses puck.
18:46 of 2nd period - Penalty to Travis Ehrhardt is over, Travis Ehrhardt is back on ice.
19:37 of 2nd period - Icing by Scott Harrington.
19:38 of 2nd period - Ethan Werek wins face-off versus Gemel Smith in Marlies zone.
19:48 of 2nd period - Slapshot by Scott Harrington.
19:48 of 2nd period - Stopped by Louis Domingue with a rebound.
19:50 of 2nd period - Snap shot by Ian Schultz.
19:50 of 2nd period - Deflect By Gemel Smith.
19:50 of 2nd period - Shot Misses the Net.
19:50 of 2nd period - Puck is out of play.
19:51 of 2nd period - Austen Brassard wins face-off versus Iiro Pakarinen in Whale zone.
19:52 of 2nd period - Slapshot by Scott Harrington.
19:52 of 2nd period - Stopped by Louis Domingue with a rebound.
19:54 of 2nd period - Slapshot by Scott Harrington.
19:54 of 2nd period - Stopped by Louis Domingue with a rebound.
Goals for this period are 1 for Whale vs 1 for Marlies.
Shots for this period are 11 for Whale vs 11 for Marlies.

3rd period


0:01 of 3rd period - Shane Prince wins face-off versus Andy Miele in neutral zone.
0:56 of 3rd period - Darren Dietz is hit by Austen Brassard and loses puck.
1:07 of 3rd period - Snap shot by Andrew Yogan.
1:07 of 3rd period - Stopped by Louis Domingue with a rebound.
1:09 of 3rd period - Wrist shot by Andrew Yogan.
1:09 of 3rd period - Shot Misses the Net.
1:11 of 3rd period - Slapshot by Andrew Yogan.
1:11 of 3rd period - Stopped by Louis Domingue with a rebound.
1:13 of 3rd period - Wrist shot by Colton Gillies.
1:13 of 3rd period - Shot Misses the Net.
1:15 of 3rd period - Wrist shot by Colton Gillies.
1:15 of 3rd period - Stopped by Louis Domingue with a rebound.
1:56 of 3rd period - Minor Penalty to Ian Schultz for Hooking.
1:57 of 3rd period - Shane Prince wins face-off versus Andy Miele in Marlies zone.
1:57 of 3rd period - Snap shot by Tye McGinn.
1:57 of 3rd period - Goal by Tye McGinn - Whale : 2 - Marlies : 1.
1:58 of 3rd period - Andy Miele wins face-off versus Shane Prince in neutral zone.
2:17 of 3rd period - Wrist shot by Ryan Carpenter.
2:17 of 3rd period - Stopped by Louis Domingue with a rebound.
2:29 of 3rd period - Slapshot by Shane Prince.
2:29 of 3rd period - Shot Misses the Net.
2:31 of 3rd period - Wrist shot by Shane Prince.
2:31 of 3rd period - Shot Blocked by Scott Harrington.
2:33 of 3rd period - Snap shot by Matt Halischuk.
2:33 of 3rd period - Deflect By Shane Prince.
2:33 of 3rd period - Shot Misses the Net.
2:33 of 3rd period - Puck is out of play.
2:34 of 3rd period - Alan Quine wins face-off versus Andrew Yogan in Marlies zone.
2:35 of 3rd period - Snap shot by Iiro Pakarinen.
2:35 of 3rd period - Deflect By Colton Gillies.
2:35 of 3rd period - Shot Hit the Post.
2:35 of 3rd period - Puck is out of play.
2:36 of 3rd period - Andrew Yogan wins face-off versus Alan Quine in Marlies zone.
3:31 of 3rd period - Wrist shot by Tye McGinn.
3:31 of 3rd period - Deflect By Shane Prince.
3:31 of 3rd period - Stopped by Dustin Tokarski with a rebound.
3:52 of 3rd period - Slapshot by Shane Prince.
3:52 of 3rd period - Shot Misses the Net.
3:59 of 3rd period - Travis Ehrhardt and Nick Tarnasky fight to a draw.
3:59 of 3rd period - Penalty to Travis Ehrhardt for Fighting.
3:59 of 3rd period - Penalty to Nick Tarnasky for Fighting.
4:00 of 3rd period - John McCarthy wins face-off versus Andy Miele in neutral zone.
4:38 of 3rd period - Corey Tropp beats up Rich Clune.
4:38 of 3rd period - Penalty to Rich Clune for Fighting.
4:38 of 3rd period - Penalty to Corey Tropp for Fighting.
4:38 of 3rd period - Corey Tropp is ejected from game.
4:39 of 3rd period - Alan Quine wins face-off versus Andrew Yogan in neutral zone.
5:36 of 3rd period - Icing by Scott Harrington.
5:37 of 3rd period - Shane Prince wins face-off versus Andrew Yogan in Marlies zone.
5:43 of 3rd period - Wrist shot by Shane Prince.
5:43 of 3rd period - Shot Misses the Net.
5:45 of 3rd period - Wrist shot by Matt Halischuk.
5:45 of 3rd period - Goal by Matt Halischuk - Whale : 3 - Marlies : 1.
5:46 of 3rd period - Ryan Carpenter wins face-off versus Shane Prince in neutral zone.
5:57 of 3rd period - Snap shot by Phil Di Giuseppe.
5:57 of 3rd period - Stopped by Louis Domingue with a rebound.
5:59 of 3rd period - Wrist shot by Ryan Carpenter.
5:59 of 3rd period - Stopped by Louis Domingue with a rebound.
6:28 of 3rd period - David Shields and Brennan Evans fight to a draw.
6:28 of 3rd period - Penalty to David Shields for Fighting.
6:28 of 3rd period - David Shields is ejected from game.
6:28 of 3rd period - Penalty to Brennan Evans for Fighting.
6:29 of 3rd period - Andrew Yogan wins face-off versus Alan Quine in Marlies zone.
6:29 of 3rd period - Andrew Yogan is hit by Iiro Pakarinen.
6:34 of 3rd period - Off-side.
6:35 of 3rd period - Andrew Yogan wins face-off versus Alan Quine in neutral zone.
6:38 of 3rd period - Slapshot by Jonathon Blum.
6:38 of 3rd period - Shot Blocked by Dallas Jackson.
7:10 of 3rd period - Wrist shot by Iiro Pakarinen.
7:10 of 3rd period - Shot Hit the Post.
7:28 of 3rd period - Shane Prince is hit by Ryan Carpenter and loses puck.
7:51 of 3rd period - Slapshot by Andy Miele.
7:51 of 3rd period - Stopped by Louis Domingue with a rebound.
7:53 of 3rd period - Slapshot by Andrew O'Brien.
7:53 of 3rd period - Deflect By Andy Miele.
7:53 of 3rd period - Stopped by Louis Domingue with a rebound.
7:55 of 3rd period - Wrist shot by Ryan Carpenter.
7:55 of 3rd period - Stopped by Louis Domingue with a rebound.
8:19 of 3rd period - Slapshot by Scott Harrington.
8:19 of 3rd period - Stopped by Louis Domingue without a rebound.
8:20 of 3rd period - Alan Quine wins face-off versus Chad Nehring in Whale zone.
8:40 of 3rd period - Backhand shot by Alan Quine.
8:40 of 3rd period - Stopped by Dustin Tokarski without a rebound.
8:41 of 3rd period - Ethan Werek wins face-off versus Gemel Smith in Marlies zone.
9:33 of 3rd period - Slapshot by Colton Gillies.
9:33 of 3rd period - Shot Misses the Net.
10:35 of 3rd period - Phil Di Giuseppe is hit by FARM PLAYER16 and loses puck.
11:32 of 3rd period - Andrew Yogan is hit by Iiro Pakarinen.
13:07 of 3rd period - Snap shot by Nick Tarnasky.
13:07 of 3rd period - Stopped by Dustin Tokarski with a rebound.
13:25 of 3rd period - Snap shot by Ethan Werek.
13:25 of 3rd period - Stopped by Dustin Tokarski with a rebound.
13:27 of 3rd period - Slapshot by Reece Scarlett.
13:27 of 3rd period - Stopped by Dustin Tokarski without a rebound.
13:28 of 3rd period - Shane Prince wins face-off versus Gemel Smith in Marlies zone.
14:25 of 3rd period - Snap shot by Shane Prince.
14:25 of 3rd period - Stopped by Dustin Tokarski with a rebound.
14:27 of 3rd period - Snap shot by John McCarthy.
14:27 of 3rd period - Stopped by Dustin Tokarski with a rebound.
14:29 of 3rd period - Snap shot by Dallas Jackson.
14:29 of 3rd period - Stopped by Dustin Tokarski with a rebound.
14:37 of 3rd period - Minor Penalty to Chad Nehring for Slashing.
14:38 of 3rd period - Ryan Carpenter wins face-off versus John McCarthy in Marlies zone.
15:20 of 3rd period - Scott Harrington is hit by Brennan Evans and loses puck.
15:33 of 3rd period - Snap shot by Alan Quine.
15:33 of 3rd period - Stopped by Dustin Tokarski without a rebound.
15:34 of 3rd period - Alan Quine wins face-off versus Andy Miele in Marlies zone.
16:37 of 3rd period - Penalty to Chad Nehring is over, Chad Nehring is back on ice.
17:11 of 3rd period - Tye McGinn is hit by Ian Schultz and loses puck.
17:50 of 3rd period - Alan Quine is hit by Colton Gillies.
17:59 of 3rd period - Alan Quine is hit by Austen Brassard.
18:39 of 3rd period - Andy Miele is hit by Ethan Werek and loses puck.
19:51 of 3rd period - Brennan Evans is hit by Rich Clune and loses puck.
Goals for this period are 2 for Whale vs 0 for Marlies.
Shots for this period are 11 for Whale vs 10 for Marlies.